 Dungeon Crawl Stone Soup version 0.21.0 (webtiles) character file.

1012 Gaball the Covert (level 8, -5/42 HPs)
             Began as a Deep Elf Artificer on Jan 6, 2018.
             Was a Follower of Dithmenos.
             Killed by divine providence
             ... invoked by an orc priest
              (13 damage)
             ... on level 6 of the Dungeon.
             The game lasted 00:18:54 (6616 turns).

Gaball the Covert (Deep Elf Artificer)              Turns: 6616, Time: 00:18:55

Health: -5/42      AC:  9    Str:  9    XL:     8   Next: 1%
Magic:  12/12      EV: 12    Int: 17    God:    Dithmenos [*.....]
Gold:   392        SH:  0    Dex: 17    Spells: 7/7 levels left

rFire    . . .     SeeInvis .   l - +2 short sword (drain)
rCold    . . .     Gourm    .   (no shield)
rNeg     . . .     Faith    .   b - +0 leather armour
rPois    +         Spirit   .   (no helmet)
rElec    .         Reflect  .   (no cloak)
rCorr    .         Harm     .   (no gloves)
MR       .....                  s - +2 pair of boots
Stlth    +++++.....             j - amulet of magic regeneration
HPRegen  0.14/turn              h - +3 ring of protection
MPRegen  0.38/turn              r - ring of poison resistance

@: wreathed by umbra, drained
A: no striking features
a: Renounce Religion


You were on level 6 of the Dungeon.
You worshipped Dithmenos.
Dithmenos was aware of your devotion.
You were not hungry.

You visited 2 branches of the dungeon, and saw 7 of its levels.

You collected 392 gold pieces.

Inventory:

Hand Weapons
 a - a +0 short sword
 l - a +2 short sword of draining (weapon)
 n - a cursed -2 scimitar
Armour
 b - a +0 leather armour (worn)
 s - a +2 pair of boots (worn)
Jewellery
 h - a +3 ring of protection (left hand)
 j - an amulet of magic regeneration (around neck)
 o - an uncursed amulet of the gourmand
 q - an uncursed ring of protection from cold
 r - a ring of poison resistance (right hand)
 y - an uncursed ring of poison resistance
 C - a cursed amulet of inaccuracy {unknown}
Wands
 c - a wand of digging (15)
 d - a wand of enslavement (7)
 D - a wand of iceblast (11)
Scrolls
 g - a scroll of fear {unknown}
 k - 2 scrolls of enchant weapon
 t - 2 scrolls of teleportation
 v - a scroll of blinking
 B - a scroll of remove curse {unknown}
 E - a scroll of silence {unknown}
Potions
 i - a potion of haste {unknown}
 m - a potion of curing {unknown}
 p - a potion of agility
 u - 3 potions of degeneration
 w - a potion of berserk rage
 z - 3 potions of brilliance {unknown}
 A - a potion of flight {unknown}
Books
 x - a Grand Grimoire

   Spells                             Type                      Level
   a - Monstrous Menagerie            Summoning                    7
   b - Summon Greater Demon           Summoning                    7
   c - Malign Gateway                 Summoning/Translocation      7
   d - Summon Horrible Things         Summoning                    8
Comestibles
 f - 8 rations
 F - 2 chunks of flesh


   Skills:
 - Level 0.7(0.4) Fighting
 + Level 5.4(5.1) Short Blades
 - Level 2.4(2.1) Dodging
 * Level 9.8(9.4) Stealth
 - Level 3.2(3.0) Evocations


You had 7 spell levels left.
You didn't know any spells.

Dungeon Overview and Level Annotations

Branches:
Dungeon (6/15)             Temple (1/1) D:5

Altars:
Dithmenos
Fedhas
Gozag
Hepliaklqana
Makhleb
Nemelex Xobeh
Okawaru
Qazlal
Ru
Trog


Message History

Your orc hits the orc priest but does no damage.
Unknown command.
You barely miss the orc priest.
The orc is no longer charmed.
The orc priest hits you with a whip.
Unknown command.
You completely miss the orc.
The orc priest mumbles some strange prayers to Beogh against you.
Beogh smites you!
* * * LOW HITPOINT WARNING * * *
The orc hits you but does no damage.
Unknown command.
Okay, then.
Evoke which item? (* to show all) (? for menu, Esc to quit)
Aiming: Enslavement
Press: ? - help, Shift-Dir - straight line, f/p - orc priest
Aim: an orc priest, wielding a whip and wearing a glowing ring mail (umbra, chance to defeat MR: 54%)
The orc priest resists with significant effort.
The orc priest calls down the wrath of Beogh upon you.
Beogh smites you!
You die...

##...............#
##.............# #.!.......<#
##......#### ........###
).........######### #########
###..##.....##....###........
## ####.o......##..#......
###..o@.....#..###.....
#....)....>...## ###...
#.............# ####
#........###..# #.......##
#..# #......## #..# ###..###
#..##### #### #..##..#
##.....#


You could see an orc priest and an orc.

Vanquished Creatures
  A phantom (D:4)
  A scorpion (D:6)
  2 wights (D:6)
  A crimson imp (D:5)
  2 howler monkeys (D:4)
  A bullfrog skeleton (D:5)
  2 orc priests (D:5)
  5 orc wizards
  2 iguanas
  2 jellies
  Terence (D:3)
  3 worker ants
  A killer bee zombie (D:6)
  3 worker ant zombies (D:5)
  8 adders
  A howler monkey skeleton (D:5)
  A shadow imp (D:6)
  An adder skeleton (D:5)
  4 worms
  2 dart slugs
  9 leopard geckos
  10 orcs
  6 giant cockroaches
  21 hobgoblins
  8 jackals
  9 kobolds
  3 quokkas
  9 bats
  5 frilled lizards
  17 goblins
  A jackal zombie (D:5)
  9 rats
151 creatures vanquished.

Vanquished Creatures (collateral kills)
  A shadow imp (D:5)
  A giant cockroach (D:2)
  A goblin (D:2)
  A bat (D:2)
4 creatures vanquished.

Grand Total: 155 creatures vanquished

Notes
Turn   | Place    | Note
-------+----------+-------------------------------------------
     0 | D:1      | Gaball the Deep Elf Artificer began the quest for the Orb.
     0 | D:1      | Reached XP level 1. HP: 11/11 MP: 5/5
   125 | D:1      | Reached skill level 2 in Stealth
   349 | D:1      | Reached XP level 2. HP: 16/16 MP: 6/6
  1442 | D:2      | Reached XP level 3. HP: 20/20 MP: 7/7
  1488 | D:2      | Reached skill level 3 in Stealth
  1527 | D:2      | You fall through a shaft!
  2120 | D:2      | Noticed a centaur
  2870 | D:3      | Noticed Terence
  2882 | D:3      | Reached skill level 4 in Stealth
  2882 | D:3      | Reached XP level 4. HP: 24/24 MP: 8/8
  2992 | D:3      | Killed Terence
  3282 | D:3      | Reached skill level 5 in Stealth
  3321 | D:3      | Reached XP level 5. HP: 26/28 MP: 9/9
  4013 | D:4      | Reached skill level 6 in Stealth
  4106 | D:4      | Found an iron altar of Okawaru.
  4163 | D:4      | Reached XP level 6. HP: 33/33 MP: 10/10
  4474 | D:4      | Reached skill level 7 in Stealth
  5102 | D:4      | Found a burning altar of Makhleb.
  5154 | D:5      | Entered Level 5 of the Dungeon
  5285 | D:5      | Found a staircase to the Ecumenical Temple.
  5295 | Temple   | Entered the Ecumenical Temple
  5326 | Temple   | Became a worshipper of Dithmenos the Shadowed
  5386 | D:5      | Reached XP level 7. HP: 30/37 MP: 11/11
  5513 | D:5      | Reached skill level 8 in Stealth
  5962 | D:5      | Reached * piety under Dithmenos
  6079 | D:6      | Reached skill level 5 in Short Blades
  6079 | D:6      | Reached skill level 9 in Stealth
  6603 | D:6      | Reached XP level 8. HP: 27/42 MP: 12/12
  6616 | D:6      | Killed from afar by an orc priest

Skill      XL: |  1  2  3  4  5  6  7 |
---------------+----------------------+-----
Stealth        | 2 4 5 6 7 9 |  9.8
Short Blades   | 2 3 4 5 |  5.4
Fighting       | |  0.7
Dodging        | |  2.4
Evocations     | |  3.2

Action                   |  1- 3 |  4- 6 |  7- 9 || total
-------------------------+-------+-------+-------++-------
Melee: Short sword       |   157 |   217 |   148 ||   522
Evoke: Wand              |     8 |    25 |     5 ||    38
  Use: Scroll            |       |     5 |     2 ||     7
 Stab: Sleeping          |    12 |     7 |     8 ||    27
       Distracted        |       |     5 |       ||     5
  Eat: Chunk             |     5 |     9 |     5 ||    19
Armor: Leather armour    |    36 |    79 |    52 ||   167
Dodge: Dodged            |   103 |   113 |    75 ||   291
